 Dungeon Crawl Stone Soup version 0.17.1-2-g5865329 (webtiles) character file.

2415 Shakirun the Cleaver (level 9, -2/81 HPs)
             Began as a Minotaur Berserker on Feb 8, 2016.
             Was an Elder of Trog.
             Slain by a two-headed ogre
             ... wielding a +0 giant club
              (6 damage)
             ... on level 8 of the Dungeon.
             The game lasted 00:35:21 (5841 turns).

Shakirun the Cleaver (Minotaur Berserker)           Turns: 5841, Time: 00:35:39

Health: -2/81      AC: 15    Str: 24    XL:     9   Next: 23%
Magic:  8/8        EV:  9    Int:  4    God:    Trog [****..]
Gold:   22         SH:  0    Dex: 13    Spells: 0 memorised, 8 levels left

rFire  . . .     SeeInvis .     d - +0 war axe
rCold  . . .     Clarity  .     v - +0 plate armour
rNeg   . . .     SustAt   .     (no shield)
rPois  .         Gourm    .     E - +2 hat
rElec  .         Spirit   .     (no cloak)
rCorr  .         Warding  .     (no gloves)
rMut   .         Stasis   .     (no boots)
MR     ++...                    (no amulet)
Stlth  ..........               u - ring of stealth
                                l - +2 ring of dexterity

@: regenerating, very resistant to hostile enchantments, extremely unstealthy
A: retaliatory headbutt, horns 2
a: Berserk, Trog's Hand, Brothers in Arms, Burn Spellbooks, Renounce Religion


You were on level 8 of the Dungeon.
You worshipped Trog.
Trog was greatly pleased with you.
You were not hungry.

You visited 1 branch of the dungeon, and saw 8 of its levels.

You collected 270 gold pieces.
You spent 248 gold pieces at shops.

Inventory:

Hand Weapons
 a - a +1 hand axe
 d - a +0 war axe (weapon)
Missiles
 F - 6 silver javelins (quivered)
Armour
 b - a +0 animal skin
 i - a +0 ring mail
 t - a +1 ring mail of magic resistance
 v - a +0 plate armour (worn)
 E - a +2 hat (worn)
Jewellery
 l - a +2 ring of dexterity (left hand)
 u - a ring of stealth (right hand)
 J - a +3 ring of intelligence
 K - a +5 ring of intelligence
Wands
 y - a wand of slowing (17)
 C - a wand of frost (27)
 G - a wand of paralysis (16)
 M - a wand of draining (10)
 P - a wand of fire (5)
Scrolls
 h - 2 scrolls of enchant weapon
 k - 2 scrolls of teleportation
 q - 2 scrolls of remove curse
 z - a scroll of magic mapping
 B - a scroll of blinking
 L - a scroll of vulnerability
 N - a scroll of recharging
Potions
 e - a potion of mutation {unknown}
 f - a potion of heal wounds {unknown}
 g - 2 potions of magic {unknown}
 j - a potion of haste
 m - 3 potions of curing
 o - 2 potions of might {unknown}
 p - a potion of cure mutation {unknown}
 r - a potion of invisibility {unknown}
 w - 3 potions of flight {unknown}
 A - 2 potions of cancellation {unknown}
 H - a potion of poison {unknown}
 I - a potion of brilliance {unknown}
Comestibles
 c - 4 bread rations
 n - 2 beef jerkies
 s - 18 fruits
 x - a meat ration
 D - a slice of pizza


   Skills:
 + Level 8.1 Fighting
 * Level 9.9 Axes
 + Level 7.1 Armour
 - Level 5.8 Dodging
 - Level 1.2 Stealth


You had 8 spell levels left.
You didn't know any spells.

Dungeon Overview and Level Annotations

Branches:
Dungeon (8/15)             Temple (0/1) D:6
   Lair: D:8-11

Altars:
Cheibriados
Fedhas
Kikubaaqudgha
Makhleb
Sif Muna
Vehumet
Yredelemnul

Shops:
D:5 =   D:8 *

Annotations:
D:7 1 exclusion


Innate Abilities, Weirdness & Mutations

You reflexively headbutt those who attack you in melee.
You have a pair of horns on your head.


Message History

The two-headed ogre hits you but does no damage.
The two-headed ogre hits you with a giant spiked club!
You slash the two-headed ogre!
The two-headed ogre is heavily wounded.
The two-headed ogre hits you with a giant club!!
The two-headed ogre hits you with a giant spiked club!!
You hit the two-headed ogre but do no damage.
The two-headed ogre is heavily wounded.
You barely miss the two-headed ogre.
The two-headed ogre is heavily wounded.
The two-headed ogre hits you with a giant club!!
* * * LOW HITPOINT WARNING * * *
The two-headed ogre hits you but does no damage.
Your skin crawls.
You feel resistant to hostile enchantments.
You feel slightly more hungry.
The two-headed ogre hits you with a giant club!
* * * LOW HITPOINT WARNING * * *
The two-headed ogre hits you with a giant spiked club.
You die...

#......♣ ♣♣...♣ #. #.###.#♣
♣♣†_.♣ #. #.# #.# ♣...♣♣ #.
#.# #.#♣♣♣♣♣♣♣♣♣#. #.#
#...♣♣ ♣♣♣... #.# ####.#
#.#.#. ########.# #.# #.#...
#.....##.# #.####.##..
#.....##@# #......##.>
#......O.# ###########
####.....)).## #...[
#..'.)......<# #....
#.##........## #....
#.##.....##.# #....
#.##...<.##.# #....
#.##.....##.############....
#.##.....##.................


You could see a two-headed ogre.

Vanquished Creatures
  A wyvern (D:8)
  Duvessa (D:7)
  2 orc warriors
  2 centaurs
  2 ice beasts
  3 ogres
  2 giant frogs
  Dowan (D:7)
  5 wights (D:7)
  3 crimson imps
  A giant frog skeleton (D:5)
  2 iguanas
  8 orc wizards
  3 orc priests
  4 worker ants
  A hound (D:8)
  2 hound zombies
  5 adders
  2 shadow imps
  3 oozes
  2 worms
  3 giant geckos
  31 orcs
  10 bats
  4 giant cockroaches
  5 goblins
  8 hobgoblins
  2 kobolds
  3 ball pythons
  A ball python skeleton (D:5)
  5 giant newts
  11 jackals
  2 quokkas
  39 rats
  A spectral orc (D:2)
180 creatures vanquished.

Vanquished Creatures (collateral kills)
  An orc warrior (D:6)
  The ghost of Yermak the Sneak, a weakling SpBe of Trog (D:7)
  An orc (D:6)
3 creatures vanquished.

Grand Total: 183 creatures vanquished

Notes
Turn   | Place    | Note
--------------------------------------------------------------
     0 | D:1      | Shakirun the Minotaur Berserker began the quest for the Orb.
     0 | D:1      | Reached XP level 1. HP: 19/19 MP: 0/0
    70 | D:1      | Reached skill level 4 in Axes
    70 | D:1      | Reached XP level 2. HP: 24/27 MP: 1/1
   709 | D:1      | Reached ** piety under Trog
   709 | D:1      | Reached XP level 3. HP: 31/33 MP: 2/2
   856 | D:2      | Found a faded altar to an unknown god.
   921 | D:2      | Found a basalt altar of Yredelemnul.
  1068 | D:2      | Reached XP level 4. HP: 30/41 MP: 3/3
  1496 | D:3      | Found an ancient bone altar of Kikubaaqudgha.
  1849 | D:3      | Reached *** piety under Trog
  2008 | D:3      | Reached **** piety under Trog
  2101 | D:4      | Reached XP level 5. HP: 35/47 MP: 4/4
  2106 | D:4      | Reached skill level 5 in Fighting
  2106 | D:4      | Reached skill level 5 in Axes
  2295 | D:4      | Reached skill level 1 in Stealth
  2512 | D:4      | Reached XP level 6. HP: 51/56 MP: 5/5
  2525 | D:4      | Found a radiant altar of Vehumet.
  2526 | D:4      | Found a burning altar of Makhleb.
  2574 | D:5      | Entered Level 5 of the Dungeon
  2577 | D:5      | Found Botan's Jewellery Emporium.
  2744 | D:5      | Reached skill level 5 in Dodging
  2929 | D:5      | Reached XP level 7. HP: 52/61 MP: 6/6
  3199 | D:6      | Found a staircase to the Ecumenical Temple.
  3223 | D:6      | Reached skill level 6 in Axes
  3337 | D:6      | Found a deep blue altar of Sif Muna.
  3605 | D:6      | Found a glowing drain.
  3750 | D:6      | Reached skill level 5 in Armour
  4038 | D:7      | Reached XP level 8. HP: 24/71 MP: 7/7
  4150 | D:7      | Reached skill level 7 in Axes
  4168 | D:7      | Noticed Duvessa
  4204 | D:7      | Noticed Yermak's ghost (weakling SpBe)
  4221 | D:7      | Killed Yermak's ghost
  4303 | D:7      | Found a snail-covered altar of Cheibriados.
  4392 | D:7      | Killed Duvessa
  4393 | D:7      | Noticed Dowan
  4406 | D:7      | Killed Dowan
  4579 | D:7      | Reached skill level 8 in Axes
  4707 | D:8      | Received a gift from Trog
  4857 | D:8      | Found Posiumej's Assorted Antiques.
  4866 | D:8      | Bought a bubbling cyan potion for 28 gold pieces
  4866 | D:8      | Bought a ruby potion for 28 gold pieces
  4866 | D:8      | Bought a scroll labeled TASIPN OBBU for 32 gold pieces
  4866 | D:8      | Bought a runed wooden ring for 160 gold pieces
  4922 | D:8      | Reached skill level 9 in Axes
  5162 | D:8      | Found a blossoming altar of Fedhas.
  5286 | D:8      | Reached XP level 9. HP: 45/80 MP: 8/8
  5834 | D:8      | Noticed a two-headed ogre
  5841 | D:8      | HP: 4/81 [two-headed ogre/giant club (9)]
  5841 | D:8      | Slain by a two-headed ogre

Action                   |  1- 3 |  4- 6 |  7- 9 || total
-------------------------+-------+-------+-------++-------
Melee: Hand axe          |    78 |   173 |   108 ||   359
       War axe           |       |       |   105 ||   105
Invok: Berserk           |       |     1 |     1 ||     2
       Brothers in Arms  |       |       |     2 ||     2
       Trog's Hand       |       |       |     2 ||     2
  Use: Scroll            |       |     7 |     7 ||    14
       Potion            |       |       |     3 ||     3
 Stab: Sleeping          |     1 |       |     1 ||     2
       Distracted        |       |     1 |       ||     1
  Eat: Chunk             |       |     8 |     9 ||    17
       Pizza             |       |       |     1 ||     1
